[ AOE2 MATCH · #479245329 ]
1v1 EWKoreans vs Spanish
Player's team · WIN
Rival team · LOSS
[ REPLAY ANALYSIS · EXTRACTED FROM THE RECORDED GAME ]
Feudal
—
Castle
11:33
Imperial
—
| APM avg | 49.4 |
| APM peak | 67 |
| eAPM avg | 33.1 |
| Villagers / military | 106 / 101 |
Focus
⚔️ 32.3% · 🌾 67.7%
Spearman ×91 · Iron Pagoda ×6 · Skirmisher ×3 · Monk ×1
Feudal
—
Castle
12:35
Imperial
—
| APM avg | 31.0 |
| APM peak | 62 |
| eAPM avg | 13.1 |
| Villagers / military | 52 / 48 |
Focus
⚔️ 32.1% · 🌾 67.9%
Scorpion ×11 · Conquistador ×11 · Battering Ram ×11 · Scout Cavalry ×7 · Mangonel ×5 · Archer ×2
Match map
Initial resources + every placement click. Lines = walls · curves = elevation contours. ◆ gold · ⬟ stone · ● berries · ✦ relic · ◌ wall gap
Your base· ✓ Closed at 11:33 · 44t walls · 2 gate(s)
oscaramba's base· ✓ Closed at 12:35 · 12t walls · 5 gate(s)
Smoothed initial terrain · ◌ = detected wall gap · hover for details
Inputs per minute
— Yelur - - oscaramba
Build order — Yelur
First 150 of 359 actions detected
| 0:00 | Create | Villager (Male) |
| 0:01 | Create | Villager (Male) |
| 0:05 | Create | Villager (Male) |
| 0:06 | Build | Archery Range |
| 0:20 | Create | Spearman |
| 0:33 | Build | House |
| 0:47 | Create | Spearman |
| 0:49 | Create | Villager (Male) |
| 0:50 | Create | Skirmisher |
| 0:58 | Build | Mining Camp |
| 1:05 | Create | Villager (Male) |
| 1:09 | Build | House |
| 1:11 | Create | Spearman |
| 1:28 | Create | Skirmisher |
| 1:39 | Create | Villager (Male) |
| 1:43 | Build | House |
| 1:45 | Build | Palisade Wall |
| 1:49 | Build | Palisade Gate |
| 1:52 | Create | Villager (Male) |
| 2:05 | Create | Skirmisher |
| 2:08 | Build | Palisade Wall |
| 2:15 | Build | Farm |
| 2:15 | Create | Villager (Male) |
| 2:23 | Build | Watch Tower |
| 2:25 | Create | Spearman |
| 2:33 | Create | Villager (Male) |
| 2:48 | Build | Palisade Wall |
| 2:51 | Build | Palisade Wall |
| 2:57 | Build | Palisade Wall |
| 3:01 | Build | Palisade Wall |
| 3:07 | Research | Double-Bit Axe |
| 3:07 | Research | Double-Bit Axe |
| 3:08 | Research | Double-Bit Axe |
| 3:08 | Research | Double-Bit Axe |
| 3:08 | Research | Horse Collar |
| 3:08 | Research | Horse Collar |
| 3:17 | Build | House |
| 3:18 | Create | Spearman |
| 3:23 | Build | Farm |
| 3:25 | Build | Farm |
| 3:27 | Build | Farm |
| 3:33 | Create | Villager (Male) |
| 3:46 | Build | Watch Tower |
| 3:53 | Build | Farm |
| 4:04 | Create | Villager (Male) |
| 4:18 | Build | Palisade Gate |
| 4:22 | Build | House |
| 4:27 | Build | Farm |
| 4:32 | Research | Fletching |
| 4:38 | Create | Villager (Male) |
| 4:52 | Build | Farm |
| 4:52 | Build | Farm |
| 4:56 | Build | Farm |
| 5:06 | Research | Scale Mail Armor |
| 5:09 | Create | Spearman |
| 5:11 | Build | Palisade Wall |
| 5:18 | Build | Palisade Wall |
| 5:20 | Build | Palisade Wall |
| 5:23 | Build | Farm |
| 5:24 | Build | Farm |
| 5:30 | Create | Spearman |
| 5:42 | Research | Forging |
| 5:42 | Research | Forging |
| 5:51 | Create | Villager (Male) |
| 6:13 | Create | Villager (Male) |
| 6:14 | Build | Farm |
| 6:17 | Build | Market |
| 6:32 | Create | Spearman |
| 6:37 | Build | Watch Tower |
| 6:39 | Create | Villager (Male) |
| 6:44 | Create | Spearman |
| 6:54 | Create | Villager (Male) |
| 6:59 | Research | Wheelbarrow |
| 7:08 | Build | Watch Tower |
| 7:10 | Create | Villager (Male) |
| 7:16 | Create | Spearman |
| 7:29 | Build | Farm |
| 7:42 | Build | Lumber Camp |
| 7:50 | Build | Farm |
| 8:07 | Build | House |
| 8:26 | Build | House |
| 8:45 | Build | House |
| 8:53 | Research | Castle Age |
| 8:53 | Research | Castle Age |
| 8:55 | Create | Spearman |
| 8:55 | Create | Spearman |
| 9:19 | Build | House |
| 9:26 | Create | Spearman |
| 9:31 | Build | Palisade Wall |
| 9:35 | Build | Farm |
| 9:41 | Research | Stone Mining |
| 9:51 | Create | Villager (Male) |
| 9:55 | Build | House |
| 10:03 | Build | Farm |
| 10:05 | Create | Spearman |
| 10:06 | Create | Spearman |
| 10:30 | Create | Villager (Male) |
| 10:34 | Build | House |
| 10:52 | Build | Watch Tower |
| 11:33 | Age | Castle Age |
| 11:38 | Research | Bodkin Arrow |
| 11:51 | Research | Pikeman (upgrade) |
| 11:58 | Build | Town Center |
| 12:14 | Build | Watch Tower |
| 12:18 | Create | Villager (Male) |
| 12:21 | Build | University |
| 12:22 | Research | Heavy Plow |
| 12:22 | Research | Heavy Plow |
| 12:22 | Research | Heavy Plow |
| 12:30 | Create | Villager (Male) |
| 12:34 | Build | House |
| 12:36 | Research | Bow Saw |
| 12:36 | Research | Bow Saw |
| 12:41 | Create | Villager (Male) |
| 12:43 | Build | Palisade Wall |
| 13:09 | Build | Watch Tower |
| 13:13 | Create | Villager (Male) |
| 13:20 | Create | Villager (Male) |
| 13:22 | Create | Villager (Male) |
| 13:28 | Create | Villager (Male) |
| 13:31 | Research | Treadmill Crane |
| 13:32 | Research | Treadmill Crane |
| 13:34 | Create | Villager (Male) |
| 13:39 | Build | Palisade Wall |
| 13:45 | Create | Villager (Male) |
| 13:47 | Create | Villager (Male) |
| 13:51 | Build | Monastery |
| 14:14 | Create | Villager (Male) |
| 14:22 | Create | Villager (Male) |
| 14:24 | Build | Mining Camp |
| 14:31 | Create | Villager (Male) |
| 14:37 | Create | Monk |
| 14:38 | Create | Villager (Male) |
| 14:46 | Build | Town Center |
| 14:50 | Create | Villager (Male) |
| 15:04 | Build | Town Center |
| 15:08 | Create | Villager (Male) |
| 15:11 | Build | Farm |
| 15:19 | Create | Villager (Male) |
| 15:19 | Create | Villager (Male) |
| 15:29 | Build | Farm |
| 15:31 | Create | Villager (Male) |
| 15:38 | Build | Watch Tower |
| 15:43 | Create | Villager (Male) |
| 15:51 | Create | Villager (Male) |
| 16:00 | Build | Farm |
| 16:00 | Create | Villager (Male) |
| 16:04 | Create | Villager (Male) |
| 16:06 | Create | Villager (Male) |
| 16:07 | Create | Villager (Male) |
Build order — oscaramba
First 150 of 171 actions detected
| 0:04 | Create | Villager (Male) |
| 0:04 | Create | Villager (Male) |
| 0:04 | Create | Villager (Male) |
| 0:05 | Create | Villager (Male) |
| 0:20 | Build | Stable |
| 0:23 | Build | House |
| 1:02 | Build | Stable |
| 1:06 | Create | Scout Cavalry |
| 1:15 | Create | Villager (Male) |
| 1:42 | Create | Villager (Male) |
| 1:44 | Create | Scout Cavalry |
| 1:45 | Create | Scout Cavalry |
| 1:48 | Build | Palisade Gate |
| 1:50 | Build | House |
| 2:22 | Create | Scout Cavalry |
| 2:25 | Create | Scout Cavalry |
| 2:27 | Build | House |
| 2:35 | Build | House |
| 2:36 | Build | House |
| 2:38 | Create | Villager (Male) |
| 2:44 | Build | Farm |
| 2:55 | Build | House |
| 2:56 | Build | Palisade Gate |
| 2:59 | Create | Villager (Male) |
| 3:07 | Create | Scout Cavalry |
| 3:10 | Build | Palisade Gate |
| 3:13 | Build | Palisade Wall |
| 3:19 | Create | Villager (Male) |
| 3:25 | Create | Spearman |
| 3:41 | Build | Archery Range |
| 3:45 | Create | Villager (Male) |
| 3:50 | Create | Villager (Male) |
| 3:51 | Create | Scout Cavalry |
| 3:56 | Build | Farm |
| 3:56 | Build | Farm |
| 3:57 | Build | Farm |
| 3:57 | Build | Farm |
| 3:57 | Build | Farm |
| 3:57 | Build | Farm |
| 4:01 | Build | Farm |
| 4:07 | Build | Palisade Gate |
| 4:13 | Create | Villager (Male) |
| 4:20 | Build | Farm |
| 5:13 | Research | Forging |
| 5:14 | Create | Villager (Male) |
| 5:15 | Create | Villager (Male) |
| 5:36 | Build | House |
| 5:38 | Build | Palisade Wall |
| 5:44 | Research | Scale Barding Armor |
| 6:06 | Build | Watch Tower |
| 6:11 | Create | Villager (Male) |
| 6:12 | Research | Bloodlines |
| 6:16 | Build | Farm |
| 6:16 | Build | Farm |
| 6:16 | Build | Farm |
| 6:17 | Build | Farm |
| 7:09 | Build | Palisade Gate |
| 7:10 | Build | House |
| 7:11 | Build | House |
| 8:29 | Build | Farm |
| 8:32 | Create | Archer |
| 8:36 | Build | House |
| 9:14 | Create | Villager (Male) |
| 9:19 | Build | Market |
| 9:25 | Create | Archer |
| 9:47 | Build | Palisade Gate |
| 9:48 | Build | Palisade Wall |
| 9:50 | Build | Farm |
| 9:55 | Research | Castle Age |
| 10:42 | Research | Double-Bit Axe |
| 12:35 | Age | Castle Age |
| 12:37 | Build | Siege Workshop |
| 12:53 | Build | Town Center |
| 13:13 | Build | Town Center |
| 13:23 | Create | Battering Ram |
| 13:36 | Build | Siege Workshop |
| 13:41 | Create | Villager (Male) |
| 13:41 | Create | Villager (Male) |
| 13:57 | Create | Battering Ram |
| 14:04 | Create | Battering Ram |
| 14:18 | Create | Villager (Male) |
| 14:19 | Create | Villager (Male) |
| 14:31 | Create | Battering Ram |
| 14:34 | Create | Villager (Male) |
| 14:39 | Create | Villager (Male) |
| 14:40 | Create | Villager (Male) |
| 14:40 | Create | Villager (Male) |
| 14:40 | Create | Villager (Male) |
| 14:55 | Create | Mangonel |
| 15:05 | Create | Battering Ram |
| 15:06 | Create | Scorpion |
| 15:07 | Create | Scorpion |
| 15:10 | Create | Villager (Male) |
| 15:10 | Create | Villager (Male) |
| 15:14 | Build | Farm |
| 15:41 | Create | Villager (Male) |
| 15:45 | Build | Farm |
| 15:45 | Build | Farm |
| 15:46 | Build | Farm |
| 15:54 | Create | Mangonel |
| 16:17 | Create | Scorpion |
| 16:17 | Create | Scorpion |
| 16:22 | Create | Villager (Male) |
| 16:37 | Build | Watch Tower |
| 16:51 | Create | Scorpion |
| 16:52 | Create | Scorpion |
| 17:19 | Create | Villager (Male) |
| 17:19 | Create | Villager (Male) |
| 17:36 | Create | Battering Ram |
| 17:36 | Create | Scorpion |
| 17:54 | Create | Battering Ram |
| 17:57 | Create | Villager (Male) |
| 18:07 | Build | Mill |
| 18:39 | Create | Villager (Male) |
| 18:55 | Create | Battering Ram |
| 18:55 | Create | Scorpion |
| 19:07 | Build | House |
| 19:07 | Build | House |
| 19:22 | Create | Battering Ram |
| 19:24 | Create | Villager (Male) |
| 19:42 | Build | Farm |
| 19:43 | Build | Farm |
| 19:47 | Build | House |
| 19:47 | Build | House |
| 19:55 | Build | Castle |
| 20:03 | Create | Villager (Male) |
| 20:09 | Build | Farm |
| 20:09 | Build | Farm |
| 20:10 | Build | Farm |
| 20:10 | Build | Farm |
| 20:20 | Create | Scorpion |
| 20:28 | Create | Villager (Male) |
| 20:28 | Create | Villager (Male) |
| 20:28 | Create | Villager (Male) |
| 20:52 | Create | Scorpion |
| 20:52 | Create | Scorpion |
| 21:33 | Create | Battering Ram |
| 21:33 | Create | Battering Ram |
| 21:46 | Create | Conquistador |
| 21:46 | Create | Conquistador |
| 22:06 | Create | Conquistador |
| 22:21 | Create | Mangonel |
| 22:22 | Create | Villager (Male) |
| 22:22 | Create | Villager (Male) |
| 22:23 | Create | Villager (Male) |
| 22:23 | Create | Villager (Male) |
| 22:31 | Build | Mining Camp |
| 22:48 | Create | Conquistador |
| 22:49 | Create | Conquistador |
| 23:28 | Create | Conquistador |
Match timeline
| 0:06 | Yelur · first_building Archery Range |
| 0:20 | oscaramba · first_building Stable |
| 1:45 | Yelur · wall_segment Palisade Wall x4 |
| 2:08 | Yelur · wall_segment Palisade Wall x3 |
| 2:48 | Yelur · wall_segment Palisade Wall x3 |
| 2:51 | Yelur · wall_segment Palisade Wall x12 |
| 2:57 | Yelur · wall_segment Palisade Wall x10 |
| 3:01 | Yelur · wall_segment Palisade Wall x9 |
| 3:13 | oscaramba · wall_segment Palisade Wall x7 |
| 3:41 | oscaramba · first_building Archery Range |
| 5:11 | Yelur · wall_segment Palisade Wall x1 |
| 5:18 | Yelur · wall_segment Palisade Wall x1 |
| 5:20 | Yelur · wall_segment Palisade Wall x1 |
| 5:38 | oscaramba · wall_segment Palisade Wall x2 |
| 7:30 | Yelur · first_market_sell 100 wood |
| 7:31 | Yelur · first_market_buy 100 food |
| 9:31 | Yelur · wall_segment Palisade Wall x1 |
| 9:48 | oscaramba · wall_segment Palisade Wall x3 |
| 9:54 | oscaramba · first_market_buy 100 food |
| 11:33 | Yelur · age_up castle |
| 12:35 | oscaramba · age_up castle |
| 12:37 | oscaramba · first_building Siege Workshop |
| 12:43 | Yelur · wall_segment Palisade Wall x1 |
| 13:39 | Yelur · wall_segment Palisade Wall x1 |
| 13:51 | Yelur · first_building Monastery |
| 17:26 | Yelur · first_building Barracks |
| 19:55 | oscaramba · first_building Castle |
| 20:29 | Yelur · first_building Siege Workshop |
| 22:01 | oscaramba · first_market_sell 100 wood |
| 28:18 | oscaramba · resign |
[ AI ANALYSIS · 1 CREDIT ]
What really happened in this match?
Wolo.gg analyzes every decision: build order, eco, micro, common mistakes by bracket. Personalized analysis on WhatsApp or Discord in 30 seconds.
Civ guide
Koreans
Map guide
Acclivity
Perfil
Yelur